 Dungeon Crawl Stone Soup version 0.28.0-1-gb440e238dd (webtiles) character file.

Game seed: 14882860462343923313

7583 Zeld the Spear-Bearer (level 11, -8/79 HPs)
             Began as a Merfolk Ice Elementalist on Feb 22, 2022.
             Was a Follower of Vehumet.
             Succumbed to a wolf spider's poison
             ... on level 1 of the Lair of Beasts.
             The game lasted 00:24:31 (18608 turns).

Zeld the Spear-Bearer (Merfolk Ice Elementalist)   Turns: 18608, Time: 00:24:32

Health: -8/79      AC:  9    Str:  9    XL:     11   Next: 17%
Magic:  9/23       EV: 15    Int: 21    God:    Vehumet [*.....]
Gold:   257        SH:  0    Dex: 20    Spells: 15/26 levels left

rFire   . . .      SeeInvis .   a - +3 glaive of Springtime {vorpal, Int+2 Dex+6}
rCold   . . .      Faith    .   (shield currently unavailable)
rNeg    . . .      Spirit   .   m - +1 leather armour {rPois}
rPois   +          Reflect  .   j - +2 helmet
rElec   .          Harm     .   (no cloak)
rCorr   .          Rampage  .   z - +0 pair of gloves
Will    .....                   b - +0 pair of boots
Stlth   +++.......              (no amulet)
HPRegen 0.23/turn               (no ring)
MPRegen 0.18/turn               (no ring)

@: lethally poisoned (-8 -> -46)
A: (nimble swimmer 2), mertail
a: Renounce Religion


You were on level 1 of the Lair of Beasts.
You worshipped Vehumet.
Vehumet was aware of your devotion.
You visited 3 branches of the dungeon, and saw 11 of its levels.
You also visited: Sewer.

You collected 613 gold pieces.
You spent 356 gold pieces at shops.

Inventory:

Hand Weapons
 a - the +3 glaive of Springtime (weapon) {vorpal, Int+2 Dex+6}
   (You bought it in a shop on level 5 of the Dungeon)

   It inflicts extra damage upon your enemies.
   Int:       It affects your intelligence (+2).
   Dex:       It affects your dexterity (+6).
Armour
 b - a +0 pair of boots (worn)
 j - a +2 helmet (worn)
 m - a +1 leather armour of poison resistance (worn)
 z - a +0 pair of gloves (worn)
Wands
 q - a wand of digging (7)
Scrolls
 f - 3 scrolls of enchant armour
 h - a scroll of amnesia
 i - a scroll of summoning
 s - a scroll of holy word
 x - a scroll of brand weapon
 y - 2 scrolls of fog {unknown}
Potions
 c - 5 potions of flight {unknown}
 d - 2 potions of degeneration {unknown}
 e - 2 potions of ambrosia {unknown}
 g - a potion of lignification {unknown}
 k - 7 potions of curing {unknown}
 l - 2 potions of invisibility {unknown}
 n - a potion of cancellation {unknown}
 o - 2 potions of mutation {unknown}
 p - 3 potions of haste
 r - a potion of resistance {unknown}
 t - a potion of brilliance {unknown}
 v - 5 potions of heal wounds {unknown}
 w - 3 potions of magic {unknown}


   Skills:
 - Level 5.0 Fighting
 * Level 11.0 Polearms
 - Level 6.0 Dodging
 - Level 4.0 Stealth
 * Level 8.2 Spellcasting
 + Level 4.4 Conjurations
 * Level 10.5 Ice Magic


You had 15 spell levels left.
You knew the following spells:

 Your Spells              Type           Power      Damage    Failure   Level
a - Freeze                Ice            100%       1d11      1%          1
b - Frozen Ramparts       Ice            100%       1d12      1%          3
c - Ozocubu's Armour      Ice            51%        N/A       1%          3
d - Hailstorm             Conj/Ice       39%        3d9       4%          4

Your spell library contained the following spells:

 Spells                   Type           Power      Damage    Failure   Level
 Sandblast                Erth           16%        2d6       11%         1
 Corpse Rot               Necr/Air       16%        N/A       17%         2
 Inner Flame              Hex/Fire       8%         N/A       32%         3
 Cause Fear               Hex            4%         N/A       73%         4
 Dispel Undead            Necr           8%         3d8       73%         4
 Death Channel            Necr           4%         N/A       100%        6
 Discord                  Hex            4%         N/A       100%        8


Dungeon Overview and Level Annotations

Branches:
Dungeon (9/15)             Temple (1/1) D:5            Lair (1/6) D:9
  Sewer (visited)
    Orc: D:9-12

Altars:
Cheibriados
Dithmenos
Fedhas
Gozag
Hepliaklqana
Kikubaaqudgha
Makhleb
Nemelex Xobeh
Okawaru
Qazlal
Ru
Sif Muna
Trog
Vehumet
Wu Jian
Xom
Yredelemnul
Zin
Lugonu

Shops:
D:5 (*   D:6 =

Annotations:
D:7 2 transporters, exclusion: ugly thing, spaghetti's ghost, novice DsDe


Innate Abilities, Weirdness & Mutations

((You are very nimble when in or above water. (Stealth+, EV+, Speed+++)))
Your lower body shifts to a powerful aquatic tail in water.


Message History

The wall freezes the wolf spider.
The wolf spider hits you. The wolf spider bites you.
The wall freezes the wolf spider but does no damage.
The wall freezes the wolf spider.
The wolf spider hits you but does no damage.
The wolf spider bites you!
Casting: Frozen Ramparts (safe; 1% risk of failure)
Confirm with . or Enter, or press ? or * to list all spells.
Aiming: Freeze (safe; 1% risk of failure)
Press: ? - help, Shift-Dir - straight line, f - wolf spider
Aim: a wolf spider (lightly wounded)
You freeze the wolf spider!
The wolf spider is moderately wounded.
The wall freezes the wolf spider.
The wolf spider hits you!
* * * LOW HITPOINT WARNING * * *
The wolf spider barely misses you.
The wall freezes the wolf spider.
The wolf spider closely misses you. The wolf spider bites you.
* * * LOW HITPOINT WARNING * * *
The wall freezes the wolf spider.
The wolf spider misses you.
The wolf spider bites you but does no damage.
As you read the scroll of fear, it crumbles to dust.
You assume a fearsome visage.
The wolf spider looks frightened! x2
The wall freezes the wolf spider!
Your attack snaps the wolf spider out of its fear.
The wolf spider closely misses you. The wolf spider bites you.
* * * LOW HITPOINT WARNING * * *
The wall freezes the wolf spider!
Your attack snaps the wolf spider out of its fear.
The wolf spider barely misses you. The wolf spider bites you.
* * * LOW HITPOINT WARNING * * *
The wall freezes the wolf spider!
The wolf spider closely misses you. The wolf spider bites you.
* * * LOW HITPOINT WARNING * * *
You are lethally poisoned!
The wolf spider poisons you!
Unknown command.
Unknown command.
Your frozen ramparts will break if you move.
Continue?
The frozen ramparts melt away as you move.
You die...

### ##♣♣≈# ####### ###≈PPP♣##
#P..†.## #≈♣P≈P≈≈≈## #...#..##
##≈≈≈P≈≈≈P# #...#.#.#
#≈≈≈..≈.♣## ###
#..h#..#####......# ######.#
#...#....#s.......####.......
#.....#....s.@................
#....##.......................
##....##.......[..............
#....###......................
#...h. #..#...................
#..... ##.##.............(....
....s.. #####......#..........
#.......########.# ##......# #


You could see 2 wolf spiders.

Vanquished Creatures
  A two-headed ogre (D:8)
  An ugly thing (D:9)
  Maggie (D:9)
  2 trolls (D:9)
  6 yaks (D:9)
  Sigmund (D:3)
  A steam dragon (D:7)
  Grum (D:8)
  An acid dragon (D:6)
  2 water moccasins
  A black bear (D:8)
  A hornet zombie (D:6)
  9 wolves
  2 centaurs
  2 ogres
  5 kobold brigands
  3 gnoll sergeants (D:5)
  5 bullfrogs
  3 scorpions
  A water moccasin zombie (D:5)
  A water moccasin skeleton (D:6)
  8 killer bees
  3 howler monkeys (D:9)
  10 wights (D:8)
  A crimson imp (D:6)
  A bullfrog zombie (D:6)
  2 gnoll shamans (D:5)
  2 centaur skeletons
  5 hounds
  4 jellies
  4 iguanas
  3 orc wizards
  A killer bee zombie (D:6)
  A scorpion zombie (D:5)
  A hound skeleton (D:4)
  Robin (D:3)
  13 gnolls (D:5)
  10 adders
  3 howler monkey skeletons
  2 river rats (Sewer)
  An ufetubus (D:5)
  An adder skeleton (D:5)
  A worm (D:4)
  7 dart slugs
  12 orcs
  6 endoplasms
  2 giant cockroaches
  9 hobgoblins
  2 jackals (D:5)
  21 kobolds
  4 quokkas
  10 ball pythons
  7 bats
  5 frilled lizards
  9 goblins
  12 rats
234 creatures vanquished.

Vanquished Creatures (collateral kills)
  An ice beast (D:5)
1 creature vanquished.

Grand Total: 235 creatures vanquished

Notes
Turn   | Place    | Note
-------+----------+-------------------------------------------
     0 | D:1      | Zeld the Merfolk Ice Elementalist began the quest for the
                  | Orb.
     0 | D:1      | Reached XP level 1. HP: 13/13 MP: 3/3
   212 | D:1      | Reached XP level 2. HP: 10/19 MP: 0/5
  1043 | D:1      | Reached XP level 3. HP: 21/24 MP: 4/6
  1047 | D:1      | Learned a level 3 spell: Frozen Ramparts
  1540 | D:2      | Learned a level 3 spell: Ozocubu's Armour
  1930 | D:2      | Reached skill level 5 in Ice Magic
  1930 | D:2      | Reached XP level 4. HP: 25/30 MP: 4/8
  2496 | D:3      | Noticed Robin
  2508 | D:3      | Killed Robin
  2951 | D:3      | Noticed Sigmund
  2962 | D:3      | Killed Sigmund
  2963 | D:3      | Reached XP level 5. HP: 35/35 MP: 3/10
  2963 | D:3      | Reached XP level 6. HP: 41/41 MP: 3/11
  3310 | D:3      | Learned a level 4 spell: Hailstorm
  3467 | D:3      | Found a shimmering blue altar of Sif Muna.
  4793 | D:5      | Entered Level 5 of the Dungeon
  4984 | D:5      | Reached skill level 1 in Polearms
  4984 | D:5      | Reached XP level 7. HP: 25/47 MP: 6/13
  5048 | D:5      | Found a staircase to the Ecumenical Temple.
  5058 | Temple   | Entered the Ecumenical Temple
  5180 | D:5      | Found a glowing drain.
  5200 | Sewer    | Entered a sewer
  5648 | Sewer    | Reached skill level 2 in Polearms
  5654 | Sewer    | Reached skill level 1 in Fighting
  5811 | Sewer    | Reached skill level 1 in Conjurations
  6277 | Sewer    | Reached skill level 3 in Polearms
  6869 | D:5      | Reached skill level 5 in Dodging
  6869 | D:5      | Reached XP level 8. HP: 24/55 MP: 10/15
  7576 | D:5      | Reached skill level 4 in Polearms
  7835 | D:5      | Found Rohawk's Antique Weapon Emporium.
  8175 | D:5      | Reached skill level 5 in Spellcasting
  8821 | D:5      | Found Biuk's Assorted Antiques.
  8890 | D:5      | Reached skill level 5 in Polearms
  9557 | D:6      | Reached XP level 9. HP: 19/62 MP: 6/17
 10106 | D:6      | Reached skill level 6 in Polearms
 10151 | D:6      | Found a shimmering altar of Xom.
 10762 | D:6      | Found Qymiemudd's Jewellery Shop.
 12860 | D:6      | Found a burning altar of Makhleb.
 13199 | D:5      | Bought a shimmering glaive for 356 gold pieces
 13199 | D:5      | Identified the +3 glaive of Springtime {vorpal, Int+2
                  | Dex+6} (You bought it in a shop on level 5 of the Dungeon)
 13252 | D:7      | Noticed spaghetti's ghost (novice DsDe)
 13252 | D:7      | Found a transporter.
 13255 | D:7      | Found a transporter.
 13414 | D:7      | Noticed a troll
 13500 | D:7      | Noticed a purple ugly thing
 13547 | D:7      | Found a stormy altar of Qazlal.
 13596 | D:7      | Reached skill level 7 in Polearms
 13962 | D:7      | Found a snail-covered altar of Cheibriados.
 14221 | D:7      | Found a radiant altar of Vehumet.
 14484 | D:7      | Became a worshipper of Vehumet
 14574 | D:8      | Noticed a two-headed ogre
 14580 | D:8      | Killed a two-headed ogre
 14581 | D:8      | Reached skill level 8 in Polearms
 14581 | D:8      | Reached XP level 10. HP: 72/72 MP: 18/20
 14782 | D:8      | Noticed Grum
 15327 | D:8      | Killed Grum
 15463 | D:8      | Reached skill level 9 in Polearms
 16008 | D:8      | Found a sparkling altar of Nemelex Xobeh.
 16217 | D:9      | Found a staircase to the Lair.
 16249 | D:9      | Found an iron altar of Okawaru.
 16249 | D:9      | Noticed a brown ugly thing
 16249 | D:9      | Noticed a skeletal warrior
 16633 | D:9      | Noticed Maggie
 17007 | D:9      | Killed a brown ugly thing
 17008 | D:9      | Reached skill level 5 in Fighting
 17008 | D:9      | Reached skill level 10 in Polearms
 17141 | D:9      | Found an ancient bone altar of Kikubaaqudgha.
 17419 | D:9      | Reached skill level 10 in Ice Magic
 17421 | D:9      | Reached * piety under Vehumet
 17421 | D:9      | Offered knowledge of Sandblast by Vehumet.
 17427 | D:9      | Reached XP level 11. HP: 72/79 MP: 9/22
 17518 | D:9      | Killed Maggie
 17856 | D:9      | Found a bloodstained altar of Trog.
 17864 | D:9      | Found an opulent altar of Gozag.
 18478 | Lair:1   | Entered Level 1 of the Lair of Beasts
 18576 | Lair:1   | Noticed a wolf spider
 18591 | Lair:1   | Reached skill level 11 in Polearms
 18591 | Lair:1   | Noticed a wolf spider
 18607 | Lair:1   | HP: 1/79 [wolf spider (5)]
 18608 | Lair:1   | Succumbed to a wolf spider's poison

Illustrated notes

Levels and vault maps discovered:
D:1:      ncdulo_lavacross, layout_basic
D:2:      layout_loops_corners
D:3:      layout_loops_cross, nicolae_sif_muna_little_library, uniq_robin,
          uniq_sigmund
D:4:      layout_cave_pools, corexii_checkpoint_b,
          chequers_serial_rivers_small_a, nicolae_figureground_sparkle
D:5:      minmay_skewed_foursquare, layout_cave_pools,
          minmay_temple_entry_offerings, serial_gnoll_camp, gnoll_camp_mini_hut,
          gnoll_camp_medium_01, gnoll_camp_mini_sergeant, gnoll_camp_mini_basic,
          gnoll_camp_mini_shop, serial_shops, nicolae_shop_window_shopping,
          portal_sewer_entry_b, minmay_crystal_water
D:6:      layout_layer_cave, mainiacjoe_overflow_chevrons,
          makhleb_grotto_becter, serial_shops, shop, serial_park_tiny_2
D:7:      layout_layer_cave, marbit_many_paths, amcnicky_altar_gilded,
          mainiacjoe_overflow_paths, gammafunk_ghost_arena, minivault_25
D:8:      layout_basic, nemelex_altar_shiori, uniq_grum
D:9:      layout_irregular_city, lemuel_tele_altar,
          lemuel_coloured_pillars_altar, mainiacjoe_overflow_24_doors,
          overflow_temple_1_default, minmay_ruined_shrine, uniq_maggie
Temple:   corrupted_temple
Lair:1:   lemuel_slime, layout_hall_layers, nicolae_lair_run_with_the_wolves,
          serial_bayou_shore_b, infiniplex_staircase_pool, serial_bayou_shore_b,
          grunt_megastairs_5

Skill      XL: |  1  2  3  4  5  6  7  8  9 10 11 |
---------------+----------------------------------+-----
Dodging        | 3 4 5 6 |  6.0
Ice Magic      | 5 6 7 8 10 | 10.5
Stealth        | 3 4 |  4.0
Spellcasting   | 3 4 5 6 7 8 |  8.2
Polearms       | 1 3 5 8 10 11 | 11.0
Fighting       | 1 2 4 5 |  5.0
Conjurations   | 1 2 3 4 |  4.4

Action                   |  1- 3 |  4- 6 |  7- 9 | 10-12 || total
-------------------------+-------+-------+-------+-------++-------
Melee: Unarmed           |    23 |    12 |       |       ||    35
       Scythe            |       |    34 |   253 |       ||   287
       Tailslap          |       |       |     3 |       ||     3
       Glaive            |       |       |    12 |    63 ||    75
 Cast: Freeze            |    50 |    53 |    75 |    62 ||   240
       Frozen Ramparts   |       |    10 |    33 |    16 ||    59
       Ozocubu's Armour  |       |       |       |    10 ||    10
       Hailstorm         |       |       |       |     3 ||     3
Evoke: Wand              |       |       |     6 |     3 ||     9
  Use: Scroll            |       |     3 |     8 |     7 ||    18
 Stab: Sleeping          |     2 |     3 |     9 |     1 ||    15
       Distracted        |       |       |     2 |       ||     2
Armor: Robe              |     7 |    46 |   107 |    11 ||   171
       Leather armour    |       |       |       |    35 ||    35
Dodge: Dodged            |    54 |    93 |   395 |   127 ||   669
